 Dungeon Crawl Stone Soup version 0.25-a0-521-gb5d5f98535 (webtiles) character file.

Game seed: 15807993629933547311, levelgen mode: deterministic

61 DerDa the Firebug (level 3, -4/24 HPs)
             Began as a Demonspawn Fire Elementalist on Feb 18, 2020.
             Slain by a gnoll
             ... wielding a +0 flail
              (8 damage)
             ... on level 2 of the Dungeon.
             The game lasted 00:05:11 (1355 turns).

DerDa the Firebug (Demonspawn Fire Elementalist)    Turns: 1355, Time: 00:05:12

Health: -4/24      AC:  4    Str:  8    XL:     3   Next: 83%
Magic:  0/7        EV: 12    Int: 17    God:
Gold:   59         SH:  0    Dex: 13    Spells: 6/7 levels left

rFire    + . .     SeeInvis .   o - +0 club
rCold    . . .     Gourm    .   (no shield)
rNeg     . . .     Faith    .   a - +0 robe
rPois    .         Spirit   +   (no helmet)
rElec    .         Reflect  .   (no cloak)
rCorr    .         Harm     .   k - +0 pair of gloves
MR       .....                  l - +0 pair of boots
Stlth    ++........             (no amulet)
HPRegen  0.08/turn              e - ring of fire
MPRegen  0.10/turn              t - ring of protection from cold

@: very slightly contaminated
A: powered by pain 1, magic shield
a: no special abilities


You were on level 2 of the Dungeon.
You were not hungry.

You visited 1 branch of the dungeon, and saw 2 of its levels.

You collected 59 gold pieces.

Inventory:

Hand Weapons
 o - a +0 club (weapon)
Missiles
 f - 24 stones (quivered)
 m - 12 poisoned darts
Armour
 a - a +0 robe (worn)
 k - a +0 pair of gloves (worn)
 l - a +0 pair of boots (worn)
Jewellery
 e - a ring of fire (left hand)
 t - a ring of protection from cold (right hand)
Scrolls
 b - a scroll of magic mapping {unknown}
 g - 3 scrolls of remove curse {unknown}
 i - 4 scrolls of identify {unknown}
 j - a scroll of fear {unknown}
 n - 3 scrolls of teleportation {unknown}
Potions
 h - a potion of heal wounds {unknown}
 p - 2 potions of resistance {unknown}
 q - a potion of curing {unknown}
 r - a potion of haste {unknown}
 s - 2 potions of mutation {unknown}
Comestibles
 c - 2 rations
 d - 5 chunks of flesh


   Skills:
 - Level 1.7 Dodging
 - Level 1.7 Stealth
 * Level 2.7 Spellcasting
 * Level 2.2 Conjurations
 * Level 3.3 Fire Magic


You had 6 spell levels left.
You knew the following spells:

 Your Spells              Type           Power        Failure   Level  Hunger
a - Foxfire               Conj/Fire      ###.         6%          1    #......

Your spell library contained the following spells:

 Spells                   Type           Power        Failure   Level  Hunger
 Conjure Flame            Conj/Fire      ###.....     17%         3    ###....
 Inner Flame              Hex/Fire       ##......     26%         3    ###....
 Sticky Flame             Conj/Fire      ###.....     50%         4    #####..
 Fireball                 Conj/Fire      ###.......   85%         5    ######.


Dungeon Overview and Level Annotations

Branches:
Dungeon (2/15)

Altars:


Innate Abilities, Weirdness & Mutations

You sometimes gain a little power by taking damage.
When hurt, damage is shared between your health and your magic reserves.


Message History

The gnoll is moderately wounded.
The gnoll closely misses you.
You barely miss the gnoll.
The gnoll is moderately wounded.
The gnoll closely misses you.
You hit the gnoll.
The gnoll is moderately wounded.
The gnoll misses you.
You closely miss the gnoll.
The gnoll is moderately wounded.
The gnoll hits you with a +0 flail. The gnoll hits you with a +0 flail!
You hit the gnoll.
The gnoll is heavily wounded.
The gnoll misses you.
You hit the gnoll but do no damage.
The gnoll is heavily wounded.
The gnoll hits you with a +0 flail!
* * * LOW HITPOINT WARNING * * *
The gnoll hits you with a +0 flail!
You die...

.##.......#...... .##.#.###.#
.... .##.#.# #.# #g######## .
.##'#+###+####>g.........
.#...........#g#######..#
.#...........#w#### #.##
.#................#####..##
.#.............g..........#
.#..........)...@.........#
.#........................#######
.#...........#+##.........#...#..
...........).#.########...###...#
#......[.....#.# #...#.##(.#
#.........รท..#.# #...#....##
#..............# #...###..#.
#............### ###.#.#.###
#.#...######## #.#...#..


You could see a worm and 2 gnolls.

Vanquished Creatures
  2 adders (D:2)
  A worm (D:2)
  3 dart slugs
  A leopard gecko (D:2)
  A giant cockroach (D:1)
  2 goblins
  6 hobgoblins (D:2)
  2 jackals (D:2)
  2 kobolds (D:2)
  8 bats
  3 frilled lizards
  2 rats
33 creatures vanquished.

Vanquished Creatures (others)
  77 foxfires
77 creatures vanquished.

Grand Total: 110 creatures vanquished

Notes
Turn   | Place    | Note
-------+----------+-------------------------------------------
     0 | D:1      | DerDa the Demonspawn Fire Elementalist began the quest for
                  | the Orb.
     0 | D:1      | Reached XP level 1. HP: 13/13 MP: 3/3
   179 | D:1      | Gained mutation: When hurt, damage is shared between your
                  | health and your magic reserves. [demonic ancestry]
   179 | D:1      | Reached XP level 2. HP: 19/19 MP: 0/5
   321 | D:1      | Reached skill level 3 in Fire Magic
   852 | D:2      | Gained mutation: You sometimes gain a little power by
                  | taking damage. [demonic ancestry]
   852 | D:2      | Reached XP level 3. HP: 24/24 MP: 1/6
  1355 | D:2      | Slain by a gnoll

Levels and vault maps discovered:
D:1:      elethiomel_arrival_infinity_welcomes_careful_drivers, layout_rooms
D:2:      minmay_razor_zed, layout_basic

Skill      XL: |  1  2  3 |
---------------+----------+-----
Fire Magic     | 3 |  3.3
Conjurations   | 2 |  2.2
Dodging        | |  1.7
Stealth        | |  1.7
Spellcasting   | |  2.7

Action                   || total
-------------------------++-------
Melee: Unarmed           ||     8
       Club              ||    17
 Cast: Foxfire           ||    57
  Eat: Chunk             ||     2
Armor: Robe              ||    15
Dodge: Dodged            ||    35

Table legend:
 A = Non-vault XP
 B = Vault XP
 C = Vault XP percentage of total XP
 D = Non-vault monster count
 E = Vault monster count
 F = Vault count percentage of total count
                 A         B        C        D         E       F
            +---------+---------+-------+---------+---------+-------
      Total |      65 |      23 |  26.1 |      27 |       6 |  18.2
            +---------+---------+-------+---------+---------+-------
        D:1 |      23 |       0 |   0.0 |      12 |       0 |   0.0
        D:2 |      42 |      23 |  35.4 |      15 |       6 |  28.6
            +---------+---------+-------+---------+---------+-------
